cohdb
Replays
Latest Replays
All Replays
Popular Replays
Top Player Replays
Match Explorer
How It Works
Community
CoH3 Stats
Reddit
Sign in to upload your games and track your stats! →
Sign in with Steam
Match 41485158
Unlisted
Match 41485158
Overview
Messages
Build Orders
End
Kettenkrad Recon Vehicle
Construct Infanterie Kompanie
Selects Breakthrough Battlegroup
MG 42 Machine Gun Team
Grenadier Squad
Grenadier Squad
Grenadier Squad
Medical Station
Selects 2.5-tonne Cargo Truck
Infanterie Officer Quarters
2.5-tonne Cargo Truck
Construct Luftwaffe Kompanie
Selects Blitzkrieg
Jäger Squad
Support Elements
Wirbelwind Flakpanzer
Luftwaffe Officer Quarters
Side Skirts
GrW 34 Mortar Team
Repair Bunker
Selects Tiger Heavy Tank
Selects Assault Grenadiers
Selects Smoke Bombing Run
Tiger Heavy Tank
Selects Incendiary Bombing Run
Construct Panzer Kompanie
Incendiary Bombing Run
bolihaimian
Bootyquake
0
0
Comments
sign in to comment!
No comments posted yet!